 Dungeon Crawl Stone Soup version 0.17-a0-2118-g63bad21 (webtiles) character file.

730 4thArraOfDagon the Ruffian (level 7, 17/66 HPs)
             Began as a Naga Monk on Oct 20, 2015.
             Was an Elder of Cheibriados.
             Quit the game on level 9 of the Dungeon.
             The game lasted 00:12:17 (1999 turns).

4thArraOfDagon the Ruffian (Naga Monk)              Turns: 1999, Time: 00:12:17

Health: 17/66      AC:  5    Str: 23    XL:     7   Next: 73%
Magic:  2/10       EV: 16    Int: 21    God:    Cheibriados [****..]
Gold:   119        SH:  0    Dex: 27    Spells: 0 memorised, 6 levels left

rFire  . . .     SeeInvis +       - Unarmed
rCold  . . .     Clarity  .     q - +0 scale mail
rNeg   . . .     SustAt   .     (no shield)
rPois  +         Gourm    .     (no helmet)
rElec  .         Spirit   .     (no cloak)
rCorr  .         Warding  .     (no gloves)
rMut   .         Stasis   .     (no barding)
MR     .....                    (no amulet)
Stlth  +++.......               (no ring)
                                (no ring)

@: agile, very slow, not resistant to hostile enchantments, fairly stealthy
A: see invisible, deformed body, poison resistance, slowness 2, slow metabolism
1, spit poison 2, AC +2
a: Spit Poison, Bend Time, Temporal Distortion, Slouch, Renounce Religion


You were on level 9 of the Dungeon.
You worshipped Cheibriados.
Cheibriados was greatly pleased with you.
You were not hungry.

You visited 2 branches of the dungeon, and saw 10 of its levels.

You collected 119 gold pieces.

Inventory:

Missiles
 n - a throwing net (quivered)
Armour
 c - a +0 ring mail
 q - a +0 scale mail (worn)
Wands
 e - a wand of polymorph (0)
Scrolls
 i - a scroll of remove curse
Potions
 f - 2 potions of curing
Books
 a - a Grand Grimoire

   Spells                             Type                      Level
   a - Monstrous Menagerie            Summoning                    6
   b - Summon Greater Demon           Summoning                    7
   c - Malign Gateway                 Summoning/Translocation      7
   d - Summon Horrible Things         Summoning                    8
Comestibles
 b - 2 bread rations
 d - 7 fruits
 g - a beef jerky
 o - 2 meat rations


   Skills:
 + Level 4.8 Fighting
 + Level 3.6 Dodging
 - Level 3.0 Stealth
 * Level 6.5 Unarmed Combat
 + Level 4.1 Invocations


You had 6 spell levels left.
You didn't know any spells.

Dungeon Overview and Level Annotations

Branches:
Dungeon (9/15)             Temple (1/1) D:5
   Lair: D:8-11         Orc: D:9-12

Altars:
Ashenzari
Cheibriados
Dithmenos
Elyvilon
Fedhas
Kikubaaqudgha
Makhleb
Nemelex Xobeh
Okawaru
Sif Muna
Xom
Zin
The Shining One

Annotations:
D:4 Natasha
D:7 furman's ghost, novice TeCj


Innate Abilities, Weirdness & Mutations

You cannot wear boots.
Your serpentine skin is tough (AC +2).
You have supernaturally acute eyesight.
Armour fits poorly on your strangely shaped body.
Your system is resistant to poisons.
You cover ground very slowly.
You have a slow metabolism.
You can spit poison.


Message History

Unknown command.
Unknown command.
Drink which item? (? for menu, Esc to quit)
You feel much better.
The centaur hits you but does no damage.
The yak gores you! The shadow imp spits at you.
The shadow imp barely misses you. The hound bites you.
* * * LOW HITPOINT WARNING * * *
The death yak closely misses you.
Unknown command.
Drink which item? (? for menu, Esc to quit)
Okay, then.
Read which item? (? for menu, Esc to quit)
Okay, then.
Evoke which item? (* to show all) (? for menu, Esc to quit)
Okay, then.
Unknown command.
Unknown command.
Are you sure you want to abandon this character and quit the game? (Confirm with "yes".)

.###.#...#...
............ #
.........#.. +.
.......... #.. #.....#
#...###5...(#
#...........#
#.:...5YY(.(#
..###@c...# #h....#
....5...... #####
...>............#....
.................5c....
######+##.......###.###
..#.#......... .##.#
##..... #.....


You could see a death yak, a yak, a centaur, a hound, a white imp, a shadow imp
and an ufetubus.

Vanquished Creatures
  An ogre (D:6)
  A giant frog (D:8)
  A scorpion (D:8)
  2 hounds
  A gnoll shaman (D:4)
  A crimson imp (D:8)
  2 giant frog zombies
  An orc priest (D:3)
  2 orc wizards
  A giant frog skeleton (D:9)
  2 worker ants
  A hound zombie (D:6)
  6 adders
  4 gnolls (D:4)
  A worker ant zombie (D:4)
  An adder zombie (D:3)
  4 giant geckos
  13 orcs
  2 ball pythons
  4 bats
  4 hobgoblins
  6 jackals
  4 kobolds
  2 quokkas
  2 giant cockroaches (D:3)
  A giant gecko skeleton (D:5)
  3 giant newts
  4 goblins
  3 rats
80 creatures vanquished.

Notes
Turn   | Place    | Note
--------------------------------------------------------------
     0 | D:1      | 4thArraOfDagon the Naga Monk began the quest for the Orb.
     0 | D:1      | Reached XP level 1. HP: 21/21 MP: 1/1
   256 | D:3      | Reached XP level 2. HP: 14/28 MP: 2/2
   318 | D:3      | Found an ancient bone altar of Kikubaaqudgha.
   422 | D:3      | Reached XP level 3. HP: 29/34 MP: 3/3
   509 | D:3      | Found a blossoming altar of Fedhas.
   572 | D:5      | Entered Level 5 of the Dungeon
   601 | D:5      | Found a staircase to the Ecumenical Temple.
   611 | Temple   | Entered the Ecumenical Temple
   619 | Temple   | Became a worshipper of Cheibriados the Contemplative
   619 | Temple   | Reached * piety under Cheibriados
   619 | Temple   | Reached ** piety under Cheibriados
   677 | D:4      | Reached XP level 4. HP: 24/43 MP: 4/4
   681 | D:4      | Reached skill level 5 in Unarmed Combat
   697 | D:4      | Reached skill level 1 in Invocations
   698 | D:4      | Noticed Natasha
   712 | D:4      | Found a white marble altar of Elyvilon.
   794 | D:3      | Noticed an orc wizard
   794 | D:3      | Noticed an orc priest
   810 | D:3      | Killed an orc priest
   810 | D:3      | Reached XP level 5. HP: 44/50 MP: 4/6
   842 | D:3      | Killed an orc wizard
   911 | D:3      | Reached *** piety under Cheibriados
  1250 | D:4      | Reached XP level 6. HP: 18/57 MP: 6/8
  1404 | D:5      | Noticed a phantom
  1404 | D:5      | Noticed a scorpion
  1589 | D:6      | Reached XP level 7. HP: 50/64 MP: 9/9
  1689 | D:6      | Reached skill level 6 in Unarmed Combat
  1767 | D:8      | Reached **** piety under Cheibriados
  1805 | D:8      | Found a sparkling altar of Nemelex Xobeh.
  1806 | D:8      | Found a deep blue altar of Sif Muna.
  1806 | D:8      | Found a glowing golden altar of the Shining One.
  1909 | D:7      | Noticed furman's ghost (novice TeCj)
  1990 | D:9      | Noticed a death yak
  1991 | D:9      | Noticed a yak
  1991 | D:9      | Noticed a trapdoor spider zombie
  1991 | D:9      | :(
  1997 | D:9      | HP: 2/66 [trapdoor spider zombie (7)]
  1999 | D:9      | Quit the game

Vault maps used:
D:1:      matt_arrival_grand_opening
D:2:      first_bread, uniq_sigmund, uniq_crazy_yiuf_cottage
D:3:      nicolae_overflow_hidden_temple, old_standard_altar,
          wad_rectangle_vault
D:4:      elyvilon_altar_4, dk_noncrumbling_2, hangedman_decor_riveting,
          uniq_natasha
D:5:      minmay_temple_entry_purple_smoke
D:8:      nicolae_overflow_quartered_altars
D:9:      serial_ice, serial_ice_a, serial_ice_c, serial_ice_o, serial_ice_l,
          serial_ice_d, serial_ice_n, the_bakery
Temple:   circular_temple_12

Action                   |  1- 3 |  4- 6 |  7- 9 || total
-------------------------+-------+-------+-------++-------
Melee: Unarmed           |    48 |   113 |    33 ||   194
Throw: Throwing net      |       |     2 |       ||     2
Invok: Temporal Distorti |       |       |     2 ||     2
 Abil: Spit Poison       |    30 |    26 |    12 ||    68
Evoke: Wand              |     1 |     3 |       ||     4
  Use: Scroll            |     3 |     2 |     4 ||     9
       Potion            |       |       |     3 ||     3
 Stab: Confused          |       |     1 |       ||     1
  Eat: Chunk             |       |     4 |     2 ||     6
